 Dungeon Crawl Stone Soup version 0.31-a0-246-g8cbcc1cb85 (webtiles) character file.

Game seed: 3240762497282904482

991 cforsyth the Changeling (level 8, 0/118 HPs)
             Began as an Ogre Shapeshifter on July 12, 2023.
             Was an Initiate of Hepliaklqana.
             Slain by a gnoll
             ... wielding a +0 whip
             ... led by a gnoll bouda
              (4 damage)
             ... on level 5 of the Dungeon.
             The game lasted 00:06:22 (4694 turns).

cforsyth the Changeling (Ogre Shapeshifter)         Turns: 4694, Time: 00:06:23

Health: 0/118      AC: 24    Str: 22    XL:     8   Next: 18%
Magic:  8/8        EV:  1    Int:  9    God:    Hepliaklqana [......]
Gold:   396        SH:  0    Dex:  9    Spells: 7/7 levels left

rFire   . .          .
                       - Unarmed
rCold   . . .        (no shield)
rNeg    + . .        a - melded +0 animal skin
rPois   +            (helmet currently unavailable)
rElec   .            (cloak currently unavailable)
rCorr   .            (gloves unavailable)
SInv    .            (boots unavailable)
Will    .....        (no amulet)
Stlth   +            k - ring of positive energy
HPRegen 0.39/turn    (no ring)
MPRegen 0.11/turn

%: no passive effects
@: mighty, tree-form, weak-willed
A: stationary, stasis, torment immunity, boosted hp, large, unfitting armour,
(tough skin 1)
a: Renounce Religion


You were on level 5 of the Dungeon.
You worshipped Hepliaklqana.
Hepliaklqana was noncommittal.
You were a tree.
You visited 2 branches of the dungeon, and saw 8 of its levels.

You collected 396 gold pieces.

Inventory:

Armour
 a - a +0 animal skin (melded)
 y - a +0 robe
Jewellery
 k - a ring of positive energy (left branch)
 w - an amulet of faith
Talismans
 c - a beast talisman
 v - a serpent talisman
Scrolls
 d - 3 scrolls of enchant armour {unknown}
 e - a scroll of noise {unknown}
 h - a scroll of fear {unknown}
 i - 3 scrolls of amnesia {unknown}
 j - a scroll of poison {unknown}
 n - 2 scrolls of enchant weapon {unknown}
 o - 3 scrolls of teleportation
 p - 3 scrolls of identify {unknown}
 q - a scroll of torment {unknown}
 t - 3 scrolls of vulnerability
 u - a scroll of immolation {unknown}
 x - a scroll of silence {unknown}
Potions
 b - a potion of lignification
 f - 3 potions of brilliance {unknown}
 g - 2 potions of heal wounds {unknown}
 l - 2 potions of curing {unknown}
 m - 2 potions of ambrosia
 r - 2 potions of might
 s - 2 potions of magic {unknown}
 z - a potion of berserk rage {unknown}
 A - 3 potions of attraction {unknown}


   Skills:
 - Level 4.5 Fighting
 - Level 3.0 Dodging
 + Level 4.9 Unarmed Combat
 * Level 6.2 Shapeshifting


You had 7 spell levels left.
You didn't know any spells.
Your spell library contained the following spells:

 Spells                   Type           Power      Damage    Failure   Level
 Apportation              Tloc           0%         N/A       38%         1
 Kiss of Death            Conj/Necr      0%         2d5       38%         1
 Confusing Touch          Hex            0%         N/A       77%         3
 Dispel Undead            Necr           0%         3d6       99%         4
 Alistair's Intoxication  Tmut/Pois      0%         N/A       100%        5


Dungeon Overview and Level Annotations

Branches:
Dungeon (7/15)             Temple (1/1) D:4

Altars:
Ashenzari
Dithmenos
Hepliaklqana
Makhleb
Nemelex Xobeh
Okawaru
Sif Muna
Trog
Uskayaw
Yredelemnul
The Shining One
Lugonu

Annotations:
D:5 2 transporters, pigah's ghost, novice OpWn


Innate Abilities, Weirdness & Mutations

You are a tree.
Your roots penetrate the ground, keeping you stationary.
You cannot be teleported.
You are immune to unholy pain and torment.
Your maximum health is greatly increased.
Your equipment is partially melded.
You are too large for most types of armour.
((You have tough skin. (AC +1)))


Message History

You smack the sleepcap!
You destroy the sleepcap!
The orc hits you but does no damage. x2; The gnoll hits you but does no damage.
The gnoll hits you with a +0 flail.
* * * LOW HITPOINT WARNING * * *
You barely miss the gnoll bouda. The gnoll hits you but does no damage.
The gnoll bouda hits you but does no damage.
The orc hits you but does no damage. x2; The gnoll hits you with a +0 whip.
* * * LOW HITPOINT WARNING * * *
You hit the gnoll bouda.
The gnoll bouda is lightly wounded.
The gnoll hits you with a +0 flail.
* * * LOW HITPOINT WARNING * * *
The gnoll hits you with a +0 flail.
* * * LOW HITPOINT WARNING * * *
The orc hits you with a +0 hand axe.
* * * LOW HITPOINT WARNING * * *
The gnoll bouda hits you with a +0 club.
* * * LOW HITPOINT WARNING * * *
The orc hits you but does no damage.
Unknown command.
You barely miss the gnoll.
The gnoll hits you but does no damage. x2
The gnoll hits you with a +0 flail!
* * * LOW HITPOINT WARNING * * *
The orc hits you but does no damage.
The gnoll bouda hits you but does no damage.
The orc hits you but does no damage.
Unknown command.
You pummel the gnoll!!
You kill the gnoll!
The gnoll hits you but does no damage. x2
The gnoll bouda hits you with a +0 club.
* * * LOW HITPOINT WARNING * * *
The orc hits you but does no damage. x2
Unknown command.
Unknown command.
It was a potion of might.
You feel very mighty all of a sudden. The gnoll hits you with a +0 whip.
You die...

##.# ............#
##.# #..........
#[.#######.........
........# #.......###
..#####.# #.........#
#.# #...# #.........#
#.# #.###
#.........#.# #.###.#
#)...g)o....#
......#####....g♣o..#
...............g....#
....#########+#....##
..........# #.#.##
.♣......#.## .. ..
....)##.#..# ..# ###
.....##.##.# ..###
.....##....##.....
###..#####.....#


You could see a gnoll bouda (weak-willed), 2 gnolls and 2 orcs.

Vanquished Creatures
  Eustachio (D:4)
  Duvessa (D:7)
  2 phantoms (D:6)
  2 kobold brigands (D:4)
  A scorpion (D:5)
  Dowan (D:7)
  An orc priest (D:4)
  A hound (D:5)
  A jelly (D:7)
  3 iguanas (D:5)
  A sleepcap (D:5)
  2 adders
  3 gnolls
  A shadow imp (D:6)
  A white imp (D:5)
  3 worms
  3 dart slugs
  17 orcs
  6 endoplasms
  A goblin (D:2)
  3 hobgoblins
  3 jackals (D:5)
  5 quokkas
  5 ball pythons
  4 bats
  4 frilled lizards
  13 kobolds
  2 rats
91 creatures vanquished.

Notes
Turn   | Place    | Note
-------+----------+-------------------------------------------
     0 | D:1      | cforsyth the Ogre Shapeshifter began the quest for the Orb.
     0 | D:1      | Reached XP level 1. HP: 22/22 MP: 1/1
   384 | D:1      | Reached XP level 2. HP: 31/31 MP: 2/2
   956 | D:2      | Found a faded altar of an unknown god.
  1226 | D:2      | Reached XP level 3. HP: 37/37 MP: 3/3
  1954 | D:3      | Found a sparkling altar of Nemelex Xobeh.
  1977 | D:3      | Found a broken altar of Ashenzari.
  2055 | D:3      | Reached XP level 4. HP: 25/48 MP: 4/4
  2282 | D:3      | Found a shimmering blue altar of Sif Muna.
  2454 | D:3      | Found a faded altar of an unknown god.
  2457 | D:3      | Found an iron altar of Okawaru.
  2570 | D:4      | Noticed Eustachio
  2577 | D:4      | Killed Eustachio
  2578 | D:4      | Reached XP level 5. HP: 29/55 MP: 5/5
  2636 | D:4      | Reached skill level 4 in Shapeshifting
  2636 | D:4      | Reached XP level 6. HP: 29/63 MP: 6/6
  2779 | D:4      | Found a staircase to the Ecumenical Temple.
  3561 | D:5      | Entered Level 5 of the Dungeon
  3599 | D:5      | Reached XP level 7. HP: 46/71 MP: 7/7
  3611 | D:5      | You fall into a shaft and drop 2 floors!
  3617 | D:7      | Noticed Duvessa
  3618 | D:7      | Noticed Dowan
  3640 | D:7      | Killed Duvessa
  3641 | D:7      | Reached skill level 5 in Shapeshifting
  3657 | D:7      | Killed Dowan
  3885 | D:6      | Found a shadowy altar of Dithmenos.
  4158 | D:5      | Reached XP level 8. HP: 66/79 MP: 8/8
  4162 | D:5      | Reached skill level 6 in Shapeshifting
  4311 | D:5      | Noticed pigah's ghost (novice OpWn)
  4318 | D:5      | Found a transporter.
  4323 | D:5      | Found a transporter.
  4511 | Temple   | Entered the Ecumenical Temple
  4524 | Temple   | Became a worshipper of Hepliaklqana the Forgotten
  4693 | D:5      | HP: 3/118 [gnoll bouda/+0 club (3)]
  4694 | D:5      | Slain by a gnoll

Illustrated notes

Levels and vault maps discovered:
D:1:      dpeg_arrival_tiny_d, layout_loops_corners
D:2:      layout_loops_cross, basic_ecumenical_altar
D:3:      layout_rooms, mainiacjoe_overflow_alcove_4,
          nemelex_diamond_rough_becter, nicolae_ashenzari_skybound,
          nicolae_overflow_ecumenical_swirl
D:4:      cheibrodos_thug_alley, layout_loops_ring,
          minmay_temple_entry_antechambers, minivault_1, uniq_eustachio
D:5:      layout_basic, gammafunk_ghost_hive, chequers_garden,
          uniq_crazy_yiuf_cottage
D:6:      layout_basic, marbit_many_paths,
          mainiacjoe_overflow_concentric_impassable,
          nicolae_wu_jian_glorious_leap, serial_co_window_serial,
          co_window_of_opportunity_a, co_window_paths_a, co_window_paths_b,
          co_window_paths_a, co_window_paths_a, co_window_paths_b,
          co_window_of_opportunity_a, co_window_paths_a, co_window_corner_a,
          co_window_unsneaky_path_e, co_window_of_opportunity_b,
          co_window_corner_ca, co_window_cross_2, co_window_2corner,
          glass_columns_a, glass_columns_a, glass_columns_a, glass_columns_c,
          lightli_corner_chamber
D:7:      hellmonk_crumbling_castle, layout_rooms, uniq_pikel, uniq_maggie,
          uniq_duvessa
Temple:   corrupted_temple

Skill      XL: |  1  2  3  4  5  6  7  8 |
---------------+-------------------------+-----
Fighting       | 3 4 |  4.5
Dodging        | 2 3 |  3.0
Unarmed Combat | 2 3 4 |  4.9
Shapeshifting  | 4 5 6 |  6.2

Action                     |  1- 3 |  4- 6 |  7- 9 || total
---------------------------+-------+-------+-------++-------
  Melee: Unarmed           |   111 |    64 |    55 ||   230
         Punch             |     2 |       |       ||     2
         Constrict         |       |    12 |     9 ||    21
    Use: Scroll            |       |       |     2 ||     2
         Potion            |       |       |     2 ||     2
 Armour: Animal skin       |    19 |     2 |       ||    21
         Skin              |       |    21 |    49 ||    70
  Dodge: Dodged            |    50 |    36 |    25 ||   111
         Form:             |     2 |       |       ||     2
         Beast             |     2 |       |       ||     2
         Anaconda          |       |     1 |       ||     1

Table legend: (Time is in decaauts)
 A = Elapsed time spent in this place.
 B = Non-inter-level travel time spent in this place.
 C = Inter-level travel time spent in this place.
 D = Time resting spent in this place.
 E = Time spent auto-exploring this place.
 F = Levels seen in this place.
 G = Mean time per level.
                   A        B        C        D        E       F      G
               +--------+--------+--------+--------+--------+-----+--------+
         Total |   4685 |   4152 |    533 |    261 |   3269 |   8 |  585.6 |
       Dungeon |   4658 |   4140 |    518 |    261 |   3265 |   7 |  665.4 |
        Temple |     27 |     13 |     14 |      0 |      4 |   1 |   27.0 |
               +--------+--------+--------+--------+--------+-----+--------+

Top non-repeatable levels by time:
     D:4: 1144 daAuts
     D:3: 978 daAuts
     D:1: 904 daAuts
     D:2: 760 daAuts
     D:5: 391 daAuts
     D:7: 266 daAuts
     D:6: 212 daAuts
  Temple: 27 daAuts
